 Dungeon Crawl Stone Soup version 0.18-a0-118-g58bf2d5 (webtiles) character file.

169608 UristPineapples the Severer (level 18, -3/118 HPs)
             Began as a Human Skald on Nov 17, 2015.
             Was a Priest of Ru.
             Slain by kal9871's ghost (18 damage)
             ... on level 1 of the Elven Halls on Nov 18, 2015.
             The game lasted 05:01:03 (50478 turns).

UristPineapples the Severer (Human Skald)          Turns: 50478, Time: 05:01:03

Health: -3/118     AC: 34    Str: 19    XL:     18   Next: 30%
Magic:  15/25      EV: 16    Int: 15    God:    Ru [***...]
Gold:   740        SH:  0    Dex: 22    Spells: 8 memorised, 3 levels left

rFire  . . .     SeeInvis .     h - +7 battleaxe (chop)
rCold  . . .     Clarity  .     i - +0 plate armour
rNeg   + + .     SustAt   .     (shield currently unavailable)
rPois  +         Gourm    .     v - +0 helmet
rElec  +         Spirit   .     x - +2 cloak {MR+}
rCorr  .         Warding  .     B - +2 pair of gloves {Str+3}
rMut   .         Stasis   .     b - +2 pair of boots
MR     ++++.                    X - amulet of Wiptuto {rElec rN++ Regen+ Dex+4}
Stlth  ..........               U - ring of protection from magic
                                k - ring of protection from magic

@: agile, infused (expiring), very slightly contaminated, incredibly resistant
to hostile enchantments, extremely unstealthy
A: iridescent scales 1, molten scales 1, clumsy 1, frail 1, low mp 1, poison
resistance, electricity resistance, slow regeneration 1, spit poison 1, no
stealth, hated by all
a: Spit Poison, Draw Out Power, Renounce Religion
}: 1/15 runes: decaying


You were on level 1 of the Elven Halls.
You worshipped Ru.
Ru was most pleased with you.
You were very hungry.

You visited 7 branches of the dungeon, and saw 34 of its levels.
You also visited: Ossuary and Ice Cave.

You collected 3630 gold pieces.
You spent 2890 gold pieces at shops.

Inventory:

Hand Weapons
 a - a +2 battleaxe of flaming
 d - a +0 blowgun
 h - a +7 battleaxe of chopping (weapon)
Missiles
 s - 4 curare-tipped needles
 J - 4 needles of frenzy
 Z - 73 poisoned needles
Armour
 b - a +2 pair of boots (worn)
 i - a +0 plate armour (worn)
 v - a +0 helmet (worn)
 x - a +2 cloak of magic resistance (worn)
 B - a +2 pair of gloves of strength (worn)
 I - a +0 leather armour of cold resistance
 P - a +4 troll leather armour
Jewellery
 j - the ring "Pastroz" {rElec rF+ Int+2}
   (You found it in an ice cave)

   [ring of intelligence]

   It affects your intelligence (+2).
   It protects you from fire.
   It insulates you from electricity.
 k - a ring of protection from magic (left hand)
 o - an uncursed ring of protection from cold
 y - an uncursed ring of flight
 z - a +5 ring of protection
 U - a ring of protection from magic (right hand)
 X - the amulet of Wiptuto (around neck) {rElec rN++ Regen+ Dex+4}
   (You found it in an ice cave)

   [amulet of regeneration]

   It affects your dexterity (+4).
   It insulates you from electricity.
   It greatly protects you from negative energy.
   It increases your rate of regeneration.
Wands
 f - a wand of confusion (23)
 q - a wand of paralysis (2)
 r - a wand of digging (13)
 t - a wand of fire (1)
 C - a wand of cold (5)
 O - a wand of hasting (2)
 W - a wand of draining (11)
Scrolls
 p - 11 scrolls of remove curse
 D - 3 scrolls of identify
 F - 8 scrolls of recharging
 G - 3 scrolls of fog
 H - 2 scrolls of enchant armour
 K - 4 scrolls of magic mapping
 T - 2 scrolls of immolation
 V - 2 scrolls of silence
Potions
 c - 2 potions of flight
 e - 3 potions of agility
 g - 5 potions of lignification
 m - 4 potions of curing
 w - a potion of cure mutation
 E - 2 potions of resistance
 L - a potion of brilliance
 M - 3 potions of might
 R - 2 potions of haste
 S - a potion of berserk rage
Books
 Q - a book of Enchantments

   Spells                             Type                      Level
   a - Cause Fear                     Hexes                        4
   b - Silence                        Hexes/Air                    5
   c - Deflect Missiles               Charms/Air                   6
   d - Haste                          Charms                       6
   e - Discord                        Hexes                        8
Miscellaneous
 N - a legendary deck of defence
Comestibles
 n - 7 royal jellies
 u - a slice of pizza
 A - 7 meat rations
 Y - 8 fruits


   Skills:
 + Level 9.1 Fighting
 - Level 18.3 Axes
 * Level 14.3 Armour
 - Level 6.5 Dodging
 - Level 7.1 Spellcasting
 * Level 10.8 Charms
 - Level 4.6 Necromancy
 - Level 7.6 Translocations
 - Level 8.1 Evocations


You had 3 spell levels left.
You knew the following spells:

 Your Spells              Type           Power        Failure   Level  Hunger
a - Infusion              Chrm           #####.       1%          1    None
b - Song of Slaying       Chrm           #####...     3%          2    None
c - Regeneration          Chrm/Necr      ####......   21%         3    ##.....
d - Shroud of Golubria    Chrm/Tloc      ####......   8%          2    None
e - Haste                 Chrm           #####...     100%        6    #######
f - Deflect Missiles      Chrm/Air       ###.......   100%        6    #######
g - Ring of Flames        Chrm/Fire      ###.......   100%        7    #######
h - Apportation           Tloc           ####......   10%         1    None


Dungeon Overview and Level Annotations

Branches:
Dungeon (15/15)            Temple (1/1) D:6            Lair (8/8) D:10
  Swamp (4/4) Lair:4       Spider (1/4) Lair:6        Slime (0/6) Lair:6
    Orc (4/4) D:9             Elf (1/3) Orc:4        Vaults (0/5) D:13
 Depths (0/5) D:15

Altars:
Ashenzari
Cheibriados
Fedhas
Gozag
Kikubaaqudgha
Makhleb
Okawaru
Qazlal
Ru
Sif Muna
Trog
Yredelemnul
Zin
The Shining One
Beogh
Jiyva

Shops:
D:7 [   Orc:4 ([:?   Elf:1 }

Annotations:
D:7 1 runed door
Swamp:4 Lernaean hydra
Elf:1 kal9871's ghost, adept HESk


Innate Abilities, Weirdness & Mutations

Your magical capacity is low (-10% MP).
You regenerate slowly when monsters are visible.
You cannot be stealthy.
You are hated by all.
You are partially covered in iridescent scales (AC +4).
You are partially covered in molten scales (AC +1).
You are clumsy. (Dex -2)
You are frail (-10% HP).
Your system is resistant to poisons.
You are resistant to electric shocks.
You can spit weak poison.


Message History

Kal9871's ghost burns you.
* * * LOW HITPOINT WARNING * * *
There is an open door here.
You feel yourself slow down.
You redirect kal9871's ghost's attack!
Kal9871's ghost hits you!
* * * LOW HITPOINT WARNING * * *
Kal9871's ghost burns you.
* * * LOW HITPOINT WARNING * * *
Read which item? (? for menu, Esc to quit)
Okay, then.
Kal9871's ghost lets out a mournful wail.
You redirect kal9871's ghost's attack!
Kal9871's ghost hits you but does no damage.
There is an open door here.
Kal9871's ghost hits you but does no damage.
You see here a short sword.
Your magical infusion is running out.
Kal9871's ghost hits you!!
You die...

.:+ #.# #.. #.# # #.# #.# ##
######.# #.# )###...##8# #'### #
#'........## ##...## ###
...........# +#.....## ###..
.......).∩.######.......# #....
...>.......'....@.......#####....
...........######W......'...'....
.........8.# ##)....######....
...........# ##'#...#'## #....
...........# ##.##'####.## ###..
##.......### ##.###.# ##.## ###
.###...### ##.## #.# ##.#### # #
##########.## #.# ##.#.# #.##.##
#.# ##'.##


You could see kal9871's ghost.

Vanquished Creatures
  Saint Roka (Orc:4)
  Rupert (Orc:4)
  The ghost of Duffy the Fencer, an adept NaAr of Makhleb (D:15)
  2 thorn hunters
  Kirke (D:12)
  The ghost of nublet the Brawler, a journeyman CeMo of Okawaru (D:14)
  The ghost of nublet the Brawler, a journeyman CeMo of Okawaru (Lair:6)
  Azrael (D:12)
  Snorg (D:11)
  Josephine (D:10)
  4 vault guards (D:13)
  The ghost of nublet the Grappler, a journeyman DrMo of Okawaru (D:10)
  Fannar (D:12)
  An ice dragon (shapeshifter) (D:14)
  An entropy weaver (Lair:6)
  2 ice dragons (IceCv)
  Harold (Lair:4)
  18 hydras
  3 alligators
  4 centaur warriors
  13 death yaks
  A vampire mage (D:15)
  4 deep elf knights (Elf:1)
  Urug (Orc:1)
  Sonja (Orc:3)
  A skeletal warrior (D:15)
  10 swamp dragons
  2 spriggan druids (Swamp:3)
  A hill giant (D:10)
  A shambling mangrove (Swamp:3)
  4 unseen horrors
  A deep elf conjurer (Elf:1)
  3 orb spiders
  2 hornets
  A wolf spider zombie (D:14)
  A griffon (Lair:2)
  A necromancer (D:15)
  2 wizards
  5 cyclopes
  4 orc knights
  2 orc sorcerers
  12 ugly things
  3 elephants (Lair:3)
  5 wolf spiders
  5 black mambas
  Maurice (Orc:3)
  A spriggan zombie (D:15)
  2 ice statues (IceCv)
  7 gargoyles
  2 torpor snails
  2 elf skeletons (D:15)
  16 spiny frogs
  7 komodo dragons
  A demonic crawler (Lair:6)
  A guardian mummy (D:15)
  3 fire drakes
  8 trolls
  A harpy zombie (D:14)
  2 polar bears
  A queen bee (Spider:1)
  7 jumping spiders
  7 giant leeches
  2 two-headed ogres
  6 bog bodies
  17 slime creatures
  A raiju (shapeshifter) (D:13)
  29 blink frogs
  6 redbacks
  2 trapdoor spiders (Lair:6)
  A centaur simulacrum (D:15)
  5 wraiths
  A shadow (D:14)
  A tarantella (Lair:6)
  3 spriggans
  3 deep elf magi (Elf:1)
  2 hogs
  A wyvern (D:14)
  8 hippogriffs
  An elf zombie (D:15)
  6 basilisks
  3 fire elementals (D:12)
  4 deep elf fighters (Elf:1)
  3 humans
  24 wolves
  37 yaks
  6 wargs
  2 hungry ghosts
  A steam dragon (D:14)
  22 swamp worms
  27 vampire mosquitoes
  3 insubstantial wisps (Swamp:3)
  4 mottled dragons
  4 porcupines
  A soldier ant (D:13)
  36 orc warriors
  10 sky beasts
  3 hell hounds (D:12)
  19 ice beasts
  11 spiders
  13 swamp drakes
  2 phantoms
  4 boggarts
  5 water moccasins
  2 eyes of draining
  17 centaurs
  12 ogres
  3 black bears
  6 wasps
  10 crocodiles
  2 brain worms
  22 giant frogs
  A gnoll sergeant (D:3)
  A water moccasin skeleton (D:6)
  4 scorpions
  2 wyvern skeletons
  35 killer bees
  7 jellies
  An electric eel (D:6)
  21 wights
  8 crimson imps
  2 giant frog zombies
  3 centaur zombies
  7 hounds
  An iron imp (D:9)
  6 centaur skeletons
  A giant frog skeleton (D:4)
  37 orc wizards
  6 gnoll shamans
  33 orc priests
  17 worker ants
  8 iguanas
  16 sheep
  3 worker ant zombies
  45 gnolls
  16 adders
  47 river rats
  4 shadow imps
  12 white imps (Lair:4)
  An ooze (D:1)
  3 adder skeletons
  A worm (D:8)
  218 orcs
  13 giant cockroaches
  5 hobgoblins
  22 jackals
  4 ball pythons
  A ball python skeleton (Ossuary)
  8 bats
  6 giant geckos
  8 giant newts
  5 goblins
  3 hobgoblin zombies
  A jackal skeleton (D:5)
  7 kobolds
  2 kobold skeletons (D:9)
  5 kobold zombies
  5 orc skeletons
  An orc zombie (Ossuary)
  3 quokkas
  A quokka zombie (D:9)
  13 rats
  6 fungi
  9 plants
1310 creatures vanquished.

Vanquished Creatures (others)
  A hydra (Swamp:3)
  An alligator (Swamp:4)
  An unseen horror (D:15)
  A wolf spider (Lair:6)
  An elephant (Lair:3)
  2 fire drakes (Swamp:4)
  A blink frog (Lair:4)
  A wasp (Swamp:3)
  An orc (Orc:3)
  A jackal (D:3)
  18 fungi
  6 plants
35 creatures vanquished.

Grand Total: 1345 creatures vanquished

Notes
Turn   | Place    | Note
--------------------------------------------------------------
     0 | D:1      | UristPineapples the Human Skald began the quest for the Orb.
     0 | D:1      | Reached XP level 1. HP: 16/16 MP: 3/3
   307 | D:1      | Reached XP level 2. HP: 17/22 MP: 5/5
  1076 | D:2      | Reached XP level 3. HP: 28/28 MP: 6/6
  1327 | D:2      | Reached XP level 4. HP: 34/34 MP: 7/7
  1587 | D:2      | Found a stormy altar of Qazlal.
  1738 | D:2      | Learned a level 2 spell: Song of Slaying
  1742 | D:2      | Learned a level 3 spell: Regeneration
  2381 | D:3      | Found a bloodstained altar of Trog.
  2420 | D:3      | Reached skill level 4 in Axes
  2420 | D:3      | Reached XP level 5. HP: 41/41 MP: 8/8
  3777 | D:3      | Reached XP level 6. HP: 29/47 MP: 9/9
  4018 | D:3      | Reached skill level 5 in Axes
  4862 | D:3      | Reached XP level 7. HP: 46/54 MP: 10/10
  5502 | D:3      | Reached skill level 6 in Axes
  5833 | D:4      | Reached XP level 8. HP: 42/61 MP: 11/11
  6503 | D:4      | Reached skill level 5 in Fighting
  6598 | D:5      | Entered Level 5 of the Dungeon
  6861 | D:5      | Found an iron altar of Okawaru.
  6898 | D:5      | Found a deep blue altar of Sif Muna.
  7134 | D:5      | Reached skill level 7 in Axes
  7148 | D:5      | Reached skill level 5 in Charms
  7183 | D:5      | Found a burning altar of Makhleb.
  7931 | D:6      | Found a sand-covered staircase.
  7935 | Ossuary  | Entered an ossuary
  8028 | Ossuary  | Noticed a flying skull
  8035 | Ossuary  | Noticed a flying skull
  9045 | D:6      | Reached XP level 9. HP: 33/68 MP: 4/12
  9290 | D:6      | Learned a level 2 spell: Shroud of Golubria
  9309 | D:6      | Reached skill level 8 in Axes
  9543 | D:6      | Found a sacrificial altar of Ru.
  9553 | D:6      | Became a worshipper of Ru the Awakened
 10261 | D:6      | Gained mutation: You expend magic power (3 MP) to strengthen your wands. [mutagenic meat]
 10262 | D:6      | Gained mutation: You are partially covered in iridescent scales (AC +4). [mutagenic meat]
 10263 | D:6      | Gained mutation: You are clumsy. (Dex -2) [mutagenic meat]
 10264 | D:6      | Lost mutation: You expend magic power (3 MP) to strengthen your wands. [mutagenic meat]
 10265 | D:6      | Gained mutation: You are resistant to electric shocks. [mutagenic meat]
 10266 | D:6      | Gained mutation: You occasionally shout uncontrollably at your foes. [mutagenic meat]
 10403 | D:6      | Reached skill level 9 in Axes
 11072 | D:6      | Found a staircase to the Ecumenical Temple.
 11076 | Temple   | Entered the Ecumenical Temple
 11933 | D:7      | Reached XP level 10. HP: 72/76 MP: 13/15
 12143 | D:7      | Found Noryor's Armour Emporium.
 12192 | D:7      | Reached skill level 10 in Axes
 12405 | D:7      | Found an opulent altar of Gozag.
 12406 | D:7      | Found a glowing silver altar of Zin.
 12670 | D:7      | Found a runed door.
 12734 | D:7      | Found a runed door.
 14319 | D:8      | Reached skill level 5 in Armour
 14319 | D:8      | Reached skill level 5 in Spellcasting
 14323 | D:8      | Gained mutation: You are robust (+10% HP). [mutagenic meat]
 14324 | D:8      | Gained mutation: Scrolls take you a little longer to read. [mutagenic meat]
 14326 | D:8      | Lost mutation: You occasionally shout uncontrollably at your foes. [mutagenic meat]
 14327 | D:8      | Gained mutation: You are very clumsy. (Dex -4) [mutagenic meat]
 14328 | D:8      | Gained mutation: You possess an exceptional clarity of mind. [mutagenic meat]
 14423 | D:8      | Reached skill level 11 in Axes
 14478 | D:8      | Found a basalt altar of Yredelemnul.
 14520 | D:8      | Found a snail-covered altar of Cheibriados.
 14831 | D:9      | Found a staircase to the Orcish Mines.
 14831 | D:9      | Noticed an eight-headed hydra
 14858 | D:9      | Found a shattered altar of Ashenzari.
 14993 | D:9      | Reached skill level 1 in Evocations
 14993 | D:9      | Reached XP level 11. HP: 82/89 MP: 0/18
 14998 | D:9      | Gained mutation: Your magical capacity is low (-10% MP). [Ru sacrifice]
 15690 | D:9      | Found a glowing golden altar of the Shining One.
 16025 | D:10     | Entered Level 10 of the Dungeon
 16026 | D:10     | Noticed Josephine
 16540 | D:9      | Gained mutation: You evolve. [mutagenic meat]
 16615 | D:9      | Reached skill level 12 in Axes
 16661 | D:10     | Killed Josephine
 16890 | D:10     | Noticed a hill giant
 17028 | D:10     | Killed a hill giant
 17028 | D:10     | Reached skill level 5 in Evocations
 17163 | D:10     | Lost mutation: Scrolls take you a little longer to read. [evolution]
 17317 | D:10     | Found a staircase to the Lair.
 17326 | D:10     | Noticed nublet's ghost (journeyman DrMo)
 18048 | D:11     | Noticed Snorg
 18099 | D:11     | Killed Snorg
 18099 | D:11     | Reached XP level 12. HP: 40/96 MP: 0/17
 18462 | D:11     | Gained mutation: You are partially covered in molten scales (AC +1). [evolution]
 18639 | D:11     | Noticed a four-headed hydra
 18937 | Orc:1    | Entered Level 1 of the Orcish Mines
 19287 | Orc:1    | Found a roughly hewn altar of Beogh.
 19730 | Orc:2    | Reached skill level 13 in Axes
 20268 | Orc:1    | Noticed Urug
 20495 | Orc:1    | Killed Urug
 21242 | Orc:3    | Gained mutation: You regenerate slowly when monsters are visible. [Ru sacrifice]
 21242 | Orc:3    | Reached * piety under Ru
 21252 | Orc:3    | Noticed Maurice
 21331 | Orc:3    | Killed Maurice
 21392 | Orc:3    | Noticed Sonja
 21647 | Orc:3    | Killed Sonja
 22234 | Orc:4    | Entered Level 4 of the Orcish Mines
 22963 | Orc:4    | Found a roughly hewn altar of Beogh.
 22986 | Orc:4    | Found Xeaj's Book Shoppe.
 22994 | Orc:4    | Bought a book of Enchantments for 750 gold pieces
 23001 | Orc:4    | Learned a level 6 spell: Haste
 23106 | Orc:4    | Reached skill level 5 in Dodging
 23233 | Orc:4    | Noticed Rupert
 23300 | Orc:4    | Paralysed by Rupert for 4 turns
 23584 | Orc:4    | Killed Rupert
 23584 | Orc:4    | Reached XP level 13. HP: 49/102 MP: 4/19
 23715 | Orc:4    | Found a staircase to the Elven Halls.
 23727 | Orc:4    | Reached skill level 14 in Axes
 24172 | Orc:4    | Paralysed by an orc sorcerer for 7 turns
 24210 | Orc:4    | Found a roughly hewn altar of Beogh.
 24223 | Orc:4    | Found Cynovuna's Magic Scroll Shop.
 24231 | Orc:4    | Bought a scroll of identify for 36 gold pieces
 24231 | Orc:4    | Bought a scroll of enchant weapon for 135 gold pieces
 24231 | Orc:4    | Bought a scroll of identify for 36 gold pieces
 24231 | Orc:4    | Bought a scroll of blinking for 135 gold pieces
 24418 | Orc:4    | Found a roughly hewn altar of Beogh.
 24469 | Orc:4    | Gained mutation: You cannot be stealthy. [Ru sacrifice]
 24469 | Orc:4    | Reached ** piety under Ru
 25401 | Orc:4    | Gained mutation: You can spit weak poison. [evolution]
 26098 | Orc:4    | Found a roughly hewn altar of Beogh.
 26098 | Orc:4    | Found Daylagg's Antique Weapon Shoppe.
 26102 | Orc:4    | Noticed Saint Roka
 26103 | Orc:4    | Found Deyniamm's Antique Armour Emporium.
 26358 | Orc:4    | Killed Saint Roka
 26401 | Orc:4    | Bought a glowing cloak for 117 gold pieces
 26401 | Orc:4    | Bought a pair of glowing gloves for 117 gold pieces
 26534 | Orc:4    | Bought a glowing battleaxe for 162 gold pieces
 26688 | Orc:4    | Bought a scroll of enchant armour for 135 gold pieces
 26688 | Orc:4    | Bought a scroll of recharging for 171 gold pieces
 26688 | Orc:4    | Bought a scroll of teleportation for 54 gold pieces
 26902 | D:11     | Learned a level 6 spell: Deflect Missiles
 27162 | D:11     | Reached skill level 1 in Translocations
 27241 | D:12     | Noticed Fannar
 27270 | D:12     | Killed Fannar
 27270 | D:12     | Reached skill level 15 in Axes
 27287 | D:11     | Upgraded the game from 0.18-a0-116-g2d311b1 to 0.18-a0-118-g58bf2d5
 27575 | D:12     | Noticed Azrael
 27606 | D:12     | Killed Azrael
 27606 | D:12     | Reached XP level 14. HP: 35/110 MP: 11/22
 27778 | D:12     | Noticed Kirke
 28005 | D:10     | Killed nublet's ghost
 28276 | Lair:1   | Entered Level 1 of the Lair of Beasts
 29344 | Lair:2   | Reached skill level 5 in Translocations
 29695 | Lair:2   | Lost mutation: You are robust (+10% HP). [evolution]
 30040 | Lair:3   | Got a crystal war axe
 30041 | Lair:3   | Identified the +5 war axe "Qagun" {freeze, *Confuse rF+++ Str+5} (You found it on level 3 of the Lair of Beasts)
 30191 | Lair:3   | Learned a level 7 spell: Ring of Flames
 30217 | Lair:3   | Gained mutation: You are hated by all. [Ru sacrifice]
 30217 | Lair:3   | Reached *** piety under Ru
 30414 | Lair:3   | Got a scorched ring mail
 30425 | Lair:3   | Identified the +0 ring mail of the Hidden Lives {Dex+4} (You found it on level 3 of the Lair of Beasts)
 30484 | Lair:3   | Got a distressingly furry chain mail
 30497 | Lair:3   | Identified the cursed +0 chain mail of the Evening {rElec rF++ MP+9 Str-4} (You found it on level 3 of the Lair of Beasts)
 30625 | D:11     | Got a translucent ring mail
 30636 | D:11     | Identified the +1 ring mail of Sizaneil {*Confuse Dex+8} (You found it on level 11 of the Dungeon)
 31276 | Lair:4   | Noticed Harold
 31288 | Lair:4   | Found a frozen archway.
 31292 | Lair:4   | Killed Harold
 31345 | IceCv    | Entered an ice cave
 31360 | IceCv    | Reached skill level 16 in Axes
 31959 | IceCv    | HP: 5/100 [ice dragon (9)]
 32031 | IceCv    | Got a heavily runed glass ring
 32035 | IceCv    | Identified the ring "Pastroz" {rElec rF+ Int+2} (You found it in an ice cave)
 32042 | IceCv    | Got a flickering iron amulet
 32043 | IceCv    | Identified the amulet of Wiptuto {rElec rN++ Regen+ Dex+4} (You found it in an ice cave)
 32519 | Lair:4   | Reached XP level 15. HP: 50/105 MP: 10/23
 32707 | Lair:4   | Found a staircase to the Swamp.
 34308 | Lair:4   | Reached skill level 10 in Armour
 34561 | Lair:5   | Gained mutation: You are frail (-10% HP). [evolution]
 35048 | Lair:6   | Found an ancient bone altar of Kikubaaqudgha.
 35200 | Lair:6   | Reached skill level 17 in Axes
 35406 | Lair:6   | Found a hole to the Spider Nest.
 35407 | Lair:6   | Noticed nublet's ghost (journeyman CeMo)
 35455 | Lair:6   | Killed nublet's ghost
 35585 | Lair:6   | Found a viscous altar of Jiyva.
 35586 | Lair:6   | Found a staircase to the Slime Pits.
 36823 | Lair:8   | Entered Level 8 of the Lair of Beasts
 37369 | Spider:1 | Entered Level 1 of the Spider Nest
 37591 | Lair:6   | Reached XP level 16. HP: 97/99 MP: 17/24
 37883 | D:12     | Killed Kirke
 38080 | Orc:4    | Bought a scroll of teleportation for 54 gold pieces
 38589 | Orc:4    | Bought a glowing plate armour for 598 gold pieces
 39103 | Lair:6   | HP: 2/99 [entropy weaver (7)]
 39834 | D:10     | Gained mutation: Your system is resistant to poisons. [evolution]
 40333 | D:13     | Found a gate to the Vaults.
 40372 | D:13     | Reached skill level 18 in Axes
 41091 | D:14     | Noticed nublet's ghost (journeyman CeMo)
 41110 | D:14     | Killed nublet's ghost
 41449 | D:14     | Found a blossoming altar of Fedhas.
 41768 | D:14     | Lost mutation: You are very clumsy. (Dex -4) [evolution]
 42502 | D:15     | Entered Level 15 of the Dungeon
 42607 | D:15     | Noticed Duffy's ghost (adept NaAr)
 42878 | D:15     | Reached XP level 17. HP: 86/107 MP: 12/25
 43038 | D:15     | Found a staircase to the Depths.
 43443 | D:15     | Killed Duffy's ghost
 44197 | Swamp:1  | Entered Level 1 of the Swamp
 46646 | Swamp:3  | Learned a level 1 spell: Apportation
 47069 | Swamp:3  | Lost mutation: You possess an exceptional clarity of mind. [evolution]
 47069 | Swamp:3  | Lost mutation: You evolve. [end of evolution]
 47430 | Swamp:4  | Entered Level 4 of the Swamp
 47836 | Swamp:3  | Reached skill level 10 in Charms
 48453 | Swamp:4  | Reached XP level 18. HP: 111/117 MP: 19/25
 48807 | Swamp:4  | Noticed the 27-headed Lernaean hydra
 49350 | Swamp:4  | Got a decaying rune of Zot
 49953 | Elf:1    | Entered Level 1 of the Elven Halls
 50367 | Elf:1    | Found Virobbe's Gadget Shop.
 50379 | Elf:1    | Bought a legendary deck of defence for 390 gold pieces
 50419 | Elf:1    | Noticed kal9871's ghost (adept HESk)
 50478 | Elf:1    | Slain by kal9871's ghost

Vault maps used:
D:1:      scummos_arrival_gate
D:2:      old_standard_altar, dk_noncrumbling_4
D:3:      lemuel_castle_with_subvaults, bloody_trog
D:4:      minmay_surrounded
D:5:      kennysheep_mini_moat, kennysheep_little_box,
          okawaru_metal_pillars_1_2, first_bread
D:6:      lemuel_coloured_pillars_altar, temple_hall_moat, enter_ossuary_5,
          nicolae_water_bricks
D:7:      lemuel_insect_pit, grunt_temple_overflow_gold_and_silver,
          serial_shops, nicolae_shop_crystal
D:8:      slow_altar_2, yredelemnul_altar_generic
D:9:      ashenzari_conservatory_becter, nicolae_tso_besieged_by_evil,
          vehumet_statue, minmay_orc_entry_guard_dogs, grunt_livestock,
          st_stairs_13
D:10:     due_lair_maze_entry_diamond, minmay_misc_feat_plants, uniq_josephine
D:11:     uniq_snorg
D:12:     uniq_fannar, uniq_kirke, uniq_azrael
D:13:     lightli_vaults_fourway_checkpoint
D:14:     wad_pebble_path, fedhas_altar_3
D:15:     gammafunk_depths_entry_grave
Temple:   hc_temple_tempest_star_small
Lair:2:   grunt_megastairs_5
Lair:3:   small_statue_intersection, grunt_forest_large_clearings
Lair:4:   swamp_mist, portal_ice_cave_entry_imps, beast_lair_carwin_1,
          uniq_harold
Lair:5:   forest_entry_grove
Lair:6:   spider_nest_entry_a, dpeg_slime_entry_enclosed_altar, basic_altar
Lair:8:   minmay_lair_end_enchanted_forest, grunt_megastairs_3
Swamp:1:  nicolae_swamp_feature_on_the_river_bank, infiniplex_staircase_pool_2
Swamp:2:  nicolae_swamp_trees_clearing
Swamp:3:  hangedman_swamp_ruin_hall
Swamp:4:  swamp_alternative, swamp_pool5
Spider:1: special_room
Orc:1:    minmay_orc_temple_a, uniq_urug
Orc:3:    nicolae_orc_pool_cavern, uniq_sonja, uniq_maurice
Orc:4:    grunt_orc_community_town_hall, grunt_orc_community_big_house_1,
          grunt_orc_community_big_house_1, grunt_orc_community_house_3,
          grunt_orc_community_house_1, grunt_orc_community_house_2,
          grunt_orc_community_house_2, uniq_rupert
Elf:1:    serial_shops, shop_statue, evilmike_minifort, abandoned_shop
Ossuary:  ossuary_due_cavern
IceCv:    ice_cave_small_dragons

Action                   |  1- 3 |  4- 6 |  7- 9 | 10-12 | 13-15 | 16-18 || total
-------------------------+-------+-------+-------+-------+-------+-------++-------
Melee: Hand axe          |    83 |   251 |   627 |  1077 |       |       ||  2038
       Battleaxe         |       |       |       |   128 |  1219 |  1250 ||  2597
       Scimitar          |       |       |       |       |    11 |       ||    11
 Fire: Blowgun           |       |    19 |   130 |   153 |    26 |    32 ||   360
Throw: Tomahawk          |    19 |    56 |    16 |    27 |       |       ||   118
       Throwing net      |       |     1 |     5 |       |       |       ||     6
 Cast: Infusion          |       |     4 |    28 |    69 |    71 |    70 ||   242
       Song of Slaying   |       |     3 |     2 |    35 |    36 |    29 ||   105
       Shroud of Golubri |       |       |     8 |    79 |   113 |    88 ||   288
       Regeneration      |       |       |     1 |    33 |    59 |    70 ||   163
       Apportation       |       |       |       |       |       |     1 ||     1
Invok: Reject Sacrifices |       |       |       |     2 |     3 |     1 ||     6
       Sacrifice Essence |       |       |       |     1 |       |       ||     1
       Sacrifice Purity  |       |       |       |     1 |       |       ||     1
       Sacrifice Stealth |       |       |       |       |     1 |       ||     1
       Draw Out Power    |       |       |       |       |     2 |     3 ||     5
       Sacrifice Love    |       |       |       |       |     1 |       ||     1
 Abil: Stop Singing      |       |       |       |     4 |     3 |     3 ||    10
       Spit Poison       |       |       |       |       |     3 |       ||     3
       Evoke Flight      |       |       |       |       |       |     3 ||     3
       Stop Flying       |       |       |       |       |       |     1 ||     1
Evoke: Wand              |       |     1 |       |     2 |    12 |    13 ||    28
  Use: Scroll            |       |       |     5 |    14 |    36 |    14 ||    69
       Potion            |       |       |       |    11 |    19 |     7 ||    37
 Stab: Distracted        |     1 |     1 |     2 |     5 |     6 |     8 ||    23
       Held in net/web   |       |     1 |       |       |       |       ||     1
       Sleeping          |       |       |     3 |       |       |       ||     3
       Paralysed         |       |       |       |     3 |       |       ||     3
       Confused          |       |       |       |       |     3 |       ||     3
       Invisible         |       |       |       |       |       |     5 ||     5
  Eat: Chunk             |     1 |     9 |    20 |    36 |    30 |    18 ||   114
       Meat ration       |       |     1 |     1 |     1 |     1 |     2 ||     6
       Bread ration      |       |       |     1 |     2 |     2 |     4 ||     9
       Pizza             |       |       |       |     7 |     1 |     1 ||     9
       Fruit             |       |       |       |     2 |     7 |    14 ||    23
       Beef jerky        |       |       |       |     1 |     2 |     2 ||     5
       Royal jelly       |       |       |       |       |       |     1 ||     1
